AoeStats
← El Fantasma de Pancho Villa

African Clearing

506434981Analyzed
4v4 RM · 20d ago on Sep 13, 2026· 36m 42s· 8 players
Game mode
Random Map
Map size
Large (8 player)
Population
200
Speed
Normal
Resources
Standard
Victory
Conquest
Starting age
Dark Age
Ending age
Imperial Age
RankedLock teamsTeams togetherTeam positionsShared explorationLock speedFull tech treeHidden civsTurbo modeCheats
Victory
Defeat
🇹🇷 Persians · Türkiye
1072
+15
🇺🇸 Maya · United States
1061
+15
🇵🇪 Teutons · Peru
1043
+16
🇭🇷 Japanese · Croatia
1003
+18
🇺🇸 Maya · United States
1106
-18
🇬🇧 Saracens · United Kingdom
1086
-18
🇪🇸 Mongols · Spain
1001
-14
🇸🇰 Magyars · Slovakia
987
-14
El Fantasma de Pancho Villa
5:48 Loom
15:16 Feudal Age
16:55 Stone Mining
19:21 Castle Age
17:11 Double-Bit Axe
17:39 Gold Mining
18:19 Fletching
18:30 Padded Archer Armor
21:32 Leather Archer Armor
22:16 Wheelbarrow
22:10 Ballistics
22:54 Bodkin Arrow
29:24 Hand Cart
Tame Alpaca
4:15 Loom
12:40 Feudal Age
12:48 Man-at-Arms
13:32 Gold Mining
14:03 Double-Bit Axe
15:56 Arson
23:19 Castle Age
21:50 Fletching
22:10 Forging
22:58 Scale Mail Armor
22:51 Stone Mining
25:47 Bodkin Arrow
28:28 Horse Collar
29:01 Squires
31:02 Scale Barding Armor
32:57 Heavy Plow
35:09 Ballistics
Baroon Valm
14:38 Feudal Age
15:44 Double-Bit Axe
19:17 Castle Age
19:52 Scale Mail Armor
20:03 Forging
21:29 Chain Mail Armor
35:19 Arson
35:35 Squires
36:21 Iron Casting
emre_gul19
6:14 Loom
9:00 Loom
11:38 Feudal Age
12:56 Wheelbarrow
12:09 Double-Bit Axe
15:58 Town Watch
19:08 Castle Age
17:50 Scale Barding Armor
17:41 Gold Mining
18:23 Bloodlines
19:55 Bow Saw
19:28 Horse Collar
20:47 Forging
21:25 Heavy Plow
25:28 Gold Shaft Mining
26:32 Hand Cart
26:49 Fletching
26:36 Elite Skirmisher
28:17 Stone Mining
29:01 Padded Archer Armor
29:57 Husbandry
31:46 Thumb Ring
37:46 Imperial Age
37:14 Kamandaran
obi1nekinobi
4:08 Loom
14:44 Feudal Age
22:40 Castle Age
21:19 Fletching
22:31 Stone Mining
25:29 Bodkin Arrow
25:22 Crossbowman
Rey_Pablium
5:18 Loom
14:00 Feudal Age
15:46 Double-Bit Axe
18:07 Castle Age
19:10 Fletching
19:35 Bow Saw
22:18 Bodkin Arrow
23:29 Bloodlines
25:00 Wheelbarrow
24:55 Elite Skirmisher
28:10 Padded Archer Armor
GoblinMasterUK
3:26 Loom
14:51 Feudal Age
16:25 Fletching
17:25 Wheelbarrow
17:10 Gold Mining
18:25 Double-Bit Axe
19:38 Padded Archer Armor
20:57 Horse Collar
26:29 Castle Age
25:54 Stone Mining
26:40 Crossbowman
27:56 Thumb Ring
27:54 Bodkin Arrow
34:33 Imperial Age
32:56 Leather Archer Armor
34:04 Hand Cart
Adamer64
9:18 Loom
16:28 Feudal Age
20:56 Castle Age
20:13 Scale Barding Armor
20:39 Bloodlines
21:06 Light Cavalry
25:34 Pikeman
28:22 Stone Mining
33:14 Chain Barding Armor
Connection lost

Rejoining the realm…

Still unreachable

The connection could not be restored.

Session expired

The server has moved on; the page needs a fresh start.